 Dungeon Crawl Stone Soup version 0.30.0-29-ga12c61a403 (webtiles) character file.

Game seed: 15883290083624238968

1269 loir the Trooper (level 8, -3/61 HPs)
             Began as a Djinni Conjurer on June 6, 2023.
             Slain by a scorpion (5 damage)
             ... on level 5 of the Dungeon.
             The game lasted 00:36:23 (4409 turns).

loir the Trooper (Djinni Conjurer)                  Turns: 4409, Time: 00:36:23

Health: -3/61      AC:  3    Str:  6    XL:     8   Next: 82%
Gold:   293        EV: 13    Int: 28    God:
                   SH:  0    Dex: 12

rFire   + + +        t - +3 dagger
rCold   x x .        (no shield)
rNeg    . . .        a - +0 robe
rPois   ∞            c - +0 helmet
rElec   .            (no cloak)
rCorr   .            (no gloves)
SInv    .            (boots unavailable)
Will    .....        (no amulet)
Stlth   ++           d - ring of fire
HPRegen 0.30/turn    u - +6 ring of intelligence
MPRegen 0.00/turn

%: infuse magic (-4 HP)
@: flying
A: sickness immunity, fire resistance 2, cold vulnerability 1, float, innate
caster, HP casting, extra vitality 1
a: no special abilities


You were on level 5 of the Dungeon.
You visited 1 branch of the dungeon, and saw 5 of its levels.
You also visited: Sewer.

You collected 293 gold pieces.

Inventory:

Hand Weapons
 e - a +0 dagger
 p - a +2 scythe of freezing
 t - a +3 dagger (weapon)
 v - the +0 sling "Orb Guardian's Doom" {antimagic, rN++ Int+5}
   (You took it off a kobold on level 4 of the Dungeon)

   Int:       It affects your intelligence (+5).
   rN:        It greatly protects you from negative energy.
Armour
 a - a +0 robe (worn)
 c - a +0 helmet (worn)
 h - the +1 ring mail of the Arena {Will+}
   (You found it on level 2 of the Dungeon)

   Will:      It increases your willpower.
 q - the +1 helmet of Impermeability {Rampage rN+++ Slay-4 Stlth-}
   (You took it off Robin on level 2 of the Dungeon)

   Slay:      It affects your accuracy & damage with ranged weapons and melee
   (-4).
   rN:        It renders you almost immune to negative energy.
   Rampage:   It bestows one free step when moving towards enemies.
   Stlth:     It makes you less stealthy.
Jewellery
 d - a ring of fire (left hand)
 k - a +6 ring of strength
 u - a +6 ring of intelligence (right hand)
Wands
 x - a wand of light (6)
Scrolls
 g - 2 scrolls of teleportation
 o - a scroll of fog
 s - a scroll of poison
 w - a scroll of fear
Potions
 b - a potion of heal wounds
 f - a potion of magic
 j - a potion of ambrosia
 l - a potion of flight {unknown}
 m - 2 potions of degeneration {unknown}
 n - 2 potions of curing {unknown}
 r - a potion of berserk rage {unknown}


   Skills:
 * Level 6.1 Fighting
 + Level 5.2 Dodging
 - Level 1.5 Stealth
 * Level 5.9 Spellcasting


You knew the following spells:

 Your Spells              Type           Power      Damage    Failure   Level
a - Magic Dart            Conj           100%       1d8       1%          1
b - Searing Ray           Conj           82%        2d7       1%          2
c - Dazzling Flash        Conj/Hex       82%        N/A       1%          3
d - Fulminant Prism       Conj/Hex       20%        3d12      5%          4
e - Iskenderun's Mystic   Conj/Tloc      41%        2d9       5%          4
f - Freeze                Ice            100%       1d10      1%          1
g - Momentum Strike       Conj/Tloc      82%        3d10      1%          2
h - Inner Flame           Hex/Fire       58%        N/A       1%          3
Your spell library was empty.

Dungeon Overview and Level Annotations

Branches:
Dungeon (5/15)              Sewer (visited)
 Temple: D:4-7

Altars:
Elyvilon
Nemelex Xobeh
Qazlal
Ru

Shops:
D:1 [   D:2 *

Annotations:
D:5 Grinder


Innate Abilities, Weirdness & Mutations

You are immune to sickness and miasma.
You are immune to poison.
Your flesh is very heat resistant. (rF++)
You are vulnerable to cold. (rC-)
You float through the air rather than walking.
You learn spells naturally, not from books.
Your magical power is your life essence.
You have superior vitality. (+4 MHP)


Message History

The orc hits you with a +0 club. Grinder hits you!
You writhe in agony.
* * * LOW HITPOINT WARNING * * *
The orc attacks as you move away! The orc barely misses you. Grinder hits you.
* * * LOW HITPOINT WARNING * * *
You writhe in agony.
* * * LOW HITPOINT WARNING * * *
Blink to where?
Press: ? - help, Dir - move target, p - Grinder
As you read the scroll of blinking, it crumbles to dust.
Grinder gestures at you.
You suddenly lose the ability to move!
Grinder gestures at you.
You struggle to resist.
Grinder blinks!
You can move again.
You hit the orc.
The orc is heavily wounded.
The orc barely misses you.
You hit the orc.
You kill the orc!
Things that are here:
a +0 dagger; a +0 robe; an orc corpse Grinder blinks!
Grinder and a scorpion come into view.
Grinder gestures at you. You resist with some effort.
Found 6 stones.
You hit the scorpion.
The scorpion is lightly wounded.
The scorpion misses you.
You hit the scorpion but do no damage.
The scorpion is lightly wounded.
The scorpion stings you but does no damage.
Grinder gestures at you. Pain shoots through your body!
* * * LOW HITPOINT WARNING * * *
You barely miss the scorpion.
The scorpion is lightly wounded.
The scorpion stings you.
You die...

..#....)....)... #
#.##....##...... . #.
#.####..####.... .. #. #.#
##....####+# ..( #.. #.###....##
....#..##...5.).).#
...........####)..#
...<..##.......)..#
...........s@..........#
#.......#######.####...#
##.......#≈§§≈≈#.####.>.#
#........#§≈.≈§#.÷......######
####........#§._§§##.............
.........!..#§≈.≈≈##.............
............#§§.§≈#..............
.)..))......###)###.........o.o.o
....#............................


You could see Grinder and a scorpion.

Vanquished Creatures
  Sigmund (D:3)
  Duvessa (D:5)
  A black bear (D:4)
  An ice beast (D:5)
  An ogre (D:5)
  A centaur (D:4)
  2 bullfrogs (Sewer)
  Blork the orc (D:4)
  Dowan (D:5)
  A hound (D:4)
  A jelly (D:5)
  Terence (D:3)
  Jessica (D:3)
  Natasha (D:2)
  2 orc wizards (D:5)
  Robin (D:2)
  4 adders
  2 shadow imps (D:5)
  A worm (D:3)
  3 dart slugs (D:3)
  8 orcs
  15 ball pythons
  4 bats
  19 endoplasms
  10 giant cockroaches
  12 goblins
  8 hobgoblins
  6 jackals (D:4)
  14 quokkas
  12 frilled lizards
  13 kobolds
  5 rats
154 creatures vanquished.

Vanquished Creatures (others)
  16 fulminant prisms
16 creatures vanquished.

Grand Total: 170 creatures vanquished

Notes
Turn   | Place    | Note
-------+----------+-------------------------------------------
     0 | D:1      | loir the Djinni Conjurer began the quest for the Orb.
     0 | D:1      | loir set off with the following spells memorised: Magic
                  | Dart, Searing Ray, Dazzling Flash, Fulminant Prism,
                  | Iskenderun's Mystic Blast.
     0 | D:1      | Reached XP level 1. HP: 15/15 MP: 0/0
    28 | D:1      | Found Ugas's Antique Armour Boutique.
   113 | D:1      | Reached XP level 2. HP: 19/22 MP: 0/0
   155 | D:1      | Reached skill level 1 in Fighting
   534 | D:2      | Reached XP level 3. HP: 21/27 MP: 0/0
   534 | D:2      | Learned a level 1 spell: Freeze
   772 | D:2      | Found Dock's Assorted Antiques.
   792 | D:2      | Identified the +1 ring mail of the Arena {Will+}
   901 | D:2      | Identified the +1 helmet of Impermeability {Rampage rN+++
                  | Slay-4 Stlth-}
   901 | D:2      | Noticed Robin
   903 | D:2      | Reached XP level 4. HP: 24/33 MP: 0/0
   910 | D:2      | Killed Robin
   911 | D:2      | Reached skill level 2 in Fighting
  1011 | D:2      | Noticed Natasha
  1019 | D:2      | Killed Natasha
  1312 | D:3      | Reached XP level 5. HP: 37/39 MP: 0/0
  1312 | D:3      | Learned a level 2 spell: Momentum Strike
  1459 | D:3      | Found a stormy altar of Qazlal.
  1555 | D:3      | Noticed Jessica
  1557 | D:3      | Killed Jessica
  1624 | D:3      | Found a glowing drain.
  1641 | Sewer    | Entered a sewer
  1777 | Sewer    | Reached skill level 3 in Fighting
  1945 | Sewer    | Reached XP level 6. HP: 37/46 MP: 0/0
  2334 | D:3      | Noticed Terence
  2345 | D:3      | Killed Terence
  2346 | D:3      | Reached XP level 7. HP: 36/51 MP: 0/0
  2346 | D:3      | Learned a level 3 spell: Inner Flame
  2399 | D:3      | Found a white marble altar of Elyvilon.
  2556 | D:3      | Reached skill level 4 in Fighting
  2816 | D:3      | Noticed Sigmund
  2823 | D:3      | Killed Sigmund
  2916 | D:4      | Reached skill level 5 in Spellcasting
  3307 | D:4      | Reached XP level 8. HP: 27/58 MP: 0/0
  3431 | D:4      | Reached skill level 5 in Fighting
  3563 | D:4      | Noticed Blork the orc
  3572 | D:4      | Killed Blork the orc
  3820 | D:4      | Found a sacrificial altar of Ru.
  3908 | D:4      | Identified the +0 sling "Orb Guardian's Doom" {antimagic,
                  | rN++ Int+5}
  3908 | D:4      | Identified the +6 flail of Eternal Vigilance {spect, rPois
                  | rF+ Dex+4}
  3981 | D:5      | Entered Level 5 of the Dungeon
  4146 | D:5      | Found a sparkling altar of Nemelex Xobeh.
  4182 | D:5      | Reached skill level 5 in Dodging
  4202 | D:5      | Noticed Duvessa
  4205 | D:5      | Noticed Dowan
  4210 | D:5      | Killed Duvessa
  4210 | D:5      | Killed Dowan
  4211 | D:5      | Reached skill level 6 in Fighting
  4382 | D:5      | Noticed Grinder
  4392 | D:5      | Paralysed by Grinder for 4 turns
  4408 | D:5      | HP: 2/61 [Grinder/nerve-wracking pain (9)]
  4409 | D:5      | Slain by a scorpion

Illustrated notes

Levels and vault maps discovered:
D:1:      scummos_arrival_simple_crosswalls, layout_rooms, serial_shops,
          nicolae_shop_window_shopping, serial_bayou_pond_e
D:2:      layout_rooms, serial_shops, shop, st_stairs_8, grunt_ministairs_15,
          uniq_natasha, uniq_robin
D:3:      layout_basic, old_standard_altar, nicolae_elyvilon_peaceful_grove,
          portal_sewer_entry_f, serial_bayou_crossing, uniq_jessica,
          uniq_terence, uniq_sigmund
D:4:      layout_loops_ring, nicolae_ru_sacrificial_ziggurat,
          grunt_decor_junction, nicolae_elevator_lobby_asterisk,
          uniq_blork_the_orc
D:5:      layout_rooms, kennysheep_little_box, kennysheep_generic_room_11,
          uniq_grinder, uniq_duvessa

Skill      XL: |  1  2  3  4  5  6  7  8 |
---------------+-------------------------+-----
Fighting       | 1 2 3 4 6 |  6.1
Dodging        | 3 4 5 |  5.2
Spellcasting   | 4 5 |  5.9
Stealth        | |  1.5

Action                     |  1- 3 |  4- 6 |  7- 9 || total
---------------------------+-------+-------+-------++-------
  Melee: Dagger            |       |       |     5 ||     5
   Cast: Magic Dart        |    74 |   141 |    90 ||   305
         Searing Ray       |     1 |     8 |    10 ||    19
         Fulminant Prism   |       |     1 |    15 ||    16
         Inner Flame       |       |       |     1 ||     1
    Use: Scroll            |     8 |     6 |     5 ||    19
 Armour: Robe              |     3 |     5 |     2 ||    10
  Dodge: Dodged            |    11 |    15 |    11 ||    37
